cohdb
Replays
Latest Replays
All Replays
Popular Replays
Top Player Replays
Match Explorer
How It Works
Community
CoH3 Stats
Reddit
Sign in to upload your games and track your stats! →
Sign in with Steam
Match 46488350
Unlisted
Match 46488350
Overview
Messages
Build Orders
End
Kradschützen Motorcycle Team
Panzergrenadier Squad
250 Light Carrier
Construct Light Support Kompanie
MG34 Team
2.5-tonne Medical Truck
Panzerjäger Squad
Selects Italian Infantry
Fire Support Elements
Panzerjäger Squad
le.IG 18 Mechanized Group
Selects Guastatori Squad
Guastatori Squad
Construct Panzerarmee Kommand
Selects Registered Artillery
Registered Artillery
Armored Reserves
Selects Defensive Operations
Registered Artillery
Registered Artillery
Registered Artillery
ivanrussov47
Retzbocher Klaus
__ICE__
9CUATRO
JT9001
admiral_gnar
0
0
Comments
sign in to comment!
No comments posted yet!